 Dungeon Crawl Stone Soup version 0.14-a0-736-g2a71271 (webtiles) character file.

2532 Malachi the Transmogrifier (level 9, -11/81 HPs)
             Began as a Yellow Draconian Transmuter on Nov 7, 2013.
             Was a Follower of Makhleb.
             Mangled by Joseph
             ... wielding a +0,+0 quarterstaff
              (13 damage)
             ... on Level 7 of the Dungeon.
             The game lasted 00:28:06 (9997 turns).

Malachi the Transmogrifier (DrTm)                   Turns: 9997, Time: 00:28:07

HP -11/81        AC  6     Str 12      XL: 9   Next:  8%
MP   6/13        EV 10     Int 17      God: Makhleb [*.....]
Gold 404         SH  0     Dex 12      Spells:  4 memorised,  2 levels left

Res.Fire  : . . .   See Invis. : .     - Unarmed
Res.Cold  : + + +   Warding    : .   (armour unavailable)
Life Prot.: . . .   Conserve   : .   (shield currently unavailable)
Res.Poison: +       Res.Corr.  : .   (helmet currently unavailable)
Res.Elec. : .       Clarity    : .   F - melded +1 cloak
Sust.Abil.: . .     Spirit.Shd : .   j - melded +0 pair of gloves
Res.Mut.  : .       Stasis     : +   (boots currently unavailable)
Res.Rott. : .       Flight     : .   m - amulet of stasis
Saprovore : . . .                    x - ring of wizardry
                                     e - ring of protection from fire

@: ice-form, very slightly contaminated, drained, slightly resistant to hostile
enchantments, unstealthy
A: (spit acid), (acid resistance), unfitting armour, AC +7
a: End Transformation, Renounce Religion


You were on level 7 of the Dungeon.
You worshipped Makhleb.
Makhleb was aware of your devotion.
You were near starving.
You were a creature of crystalline ice.
You visited 2 branches of the dungeon, and saw 8 of its levels.
You also visited: Sewer.

You collected 434 gold pieces.
You spent 30 gold pieces at shops.

Inventory:

Hand weapons
 G - a +3,+2 quarterstaff of chaos
Missiles
 b - 59 arrows
Armour
 j - a +0 pair of gloves (melded)
 F - a +1 cloak (melded)
Magical devices
 y - a wand of slowing (13)
 A - a wand of enslavement (19)
 B - a wand of cold (9) {unknown}
 E - a wand of enslavement (11)
Comestibles
 a - 3 bread rations
Scrolls
 g - 2 scrolls of recharging
 k - a scroll of fog
 o - 3 scrolls of identify
 q - a scroll of fear
 I - 3 scrolls of teleportation
Jewellery
 e - a ring of protection from fire (left paw)
 f - an uncursed ring of poison resistance
 m - an amulet of stasis (around neck)
 r - an uncursed ring of see invisible
 t - an uncursed ring of protection from cold
 v - an uncursed ring of protection from fire
 x - a ring of wizardry (right paw)
Potions
 c - 2 potions of speed
 h - 5 potions of curing
 p - a potion of restore abilities
 s - 2 potions of agility
 w - a potion of degeneration {unknown}
Books
 d - a book of Changes

   Spells                             Type                      Level
   *Beastly Appendage                 Transmutation                1
   *Sticks to Snakes                  Transmutation                2
   *Spider Form                       Transmutation/Poison         3
   *Ice Form                          Ice/Transmutation            4
   Blade Hands                        Transmutation                5
Magical staves
 C - an uncursed staff of earth


   Skills:
 - Level 2.9(2.6) Fighting
 - Level 2.9(2.6) Dodging
 - Level 0.2(0.0) Stealth
 - Level 5.6(5.3) Unarmed Combat
 - Level 2.0(1.7) Spellcasting
 * Level 8.8(8.5) Transmutations
 * Level 4.5(4.2) Ice Magic
 - Level 3.0(2.7) Poison Magic


You had 2 spell levels left.
You knew the following spells:

 Your Spells              Type           Power        Failure   Level  Hunger
a - Beastly Appendage     Trmt           ####..       1%          1    #......
b - Sticks to Snakes      Trmt           ####......   1%          2    ###....
c - Spider Form           Trmt/Pois      ###.......   3%          3    ####...
d - Ice Form              Ice/Trmt       ###.......   7%          4    #####..


Dungeon Overview and Level Annotations

Branches:
Dungeon (7/27)             Temple (1/1) D:6
    Orc: D:6-11

Altars:
Ashenzari
Cheibriados
Fedhas
Kikubaaqudgha
Makhleb
Nemelex Xobeh
Okawaru
Sif Muna
Trog
Vehumet
Yredelemnul
Zin
the Shining One

Shops:
D:4 ?

Annotations:
D:7 Joseph; cedor's ghost, experienced OgHu


Message History

Joseph is severely wounded.
Joseph completely misses you.
You hit Joseph. You freeze Joseph.
Joseph is severely wounded.
Joseph hits you with an uncursed quarterstaff!
* * * LOW HITPOINT WARNING * * *
You hit Joseph. You freeze Joseph.
Joseph is severely wounded.
Joseph hits you with an uncursed quarterstaff!
* * * LOW HITPOINT WARNING * * *
You punch Joseph! You freeze Joseph.
Joseph is almost dead.
Joseph hits you with an uncursed quarterstaff.
* * * LOW HITPOINT WARNING * * *
You barely miss Joseph.
Joseph is almost dead.
You hit Joseph but do no damage.
Joseph is almost dead.
Joseph hits you with an uncursed quarterstaff!
You die...

# %.. .... .....
.......#################
.......'@......<...[...+
#########I##############
#(# #.# #.# #.# ..# ###


You could see Joseph.

Vanquished Creatures
  Prince Ribbit (D:6)
  A necrophage (D:6)
  A black bear (D:6)
  2 centaurs (D:5)
  An orc warrior (D:6)
  2 phantoms (D:5)
  Duvessa (D:6)
  A giant frog (Sewer)
  A yak zombie (D:7)
  3 crimson imps
  Dowan (D:6)
  2 goliath beetles
  3 hounds
  4 orc wizards (D:6)
  A centaur skeleton (D:6)
  Crazy Yiuf (D:4)
  3 worker ants (D:4)
  A giant frog skeleton (D:5)
  2 scorpions
  2 ogre zombies
  Ijyb (D:3)
  A hound zombie (D:6)
  2 big fish zombies (D:4)
  13 adders
  6 giant mites
  4 gnolls
  5 worms
  2 adder skeletons
  A grey rat (D:6)
  A giant gecko (D:6)
  An ooze (D:1)
  19 orcs
  11 goblins
  12 hobgoblins
  3 quokkas
  6 ball pythons
  11 bats
  17 giant cockroaches
  A giant mite zombie (D:5)
  4 giant newts
  9 jackals
  6 kobolds
  A kobold skeleton (D:6)
  20 rats
191 creatures vanquished.

Notes
Turn   | Place    | Note
--------------------------------------------------------------
     0 | D:1      | Malachi, the Draconian Transmuter, began the quest for the Orb.
     0 | D:1      | Reached XP level 1. HP: 16/16 MP: 1/1
   734 | D:1      | Reached XP level 2. HP: 23/23 MP: 3/3
   837 | D:1      | Learned a level 2 spell: Sticks to Snakes
  1341 | D:1      | Reached XP level 3. HP: 28/28 MP: 4/4
  1356 | D:1      | Learned a level 3 spell: Spider Form
  1594 | D:2      | Reached skill level 1 in Poison Magic
  1738 | D:2      | Reached XP level 4. HP: 35/35 MP: 4/6
  2107 | D:3      | Noticed a moth of wrath
  2110 | D:3      | Found a bloodstained altar of Trog.
  2771 | D:3      | Noticed Ijyb
  2778 | D:3      | Killed Ijyb
  3423 | D:4      | Reached XP level 5. HP: 37/40 MP: 5/7
  3441 | D:4      | Reached skill level 4 in Transmutations
  4038 | D:4      | Reached XP level 6. HP: 31/47 MP: 7/9
  4077 | D:4      | Noticed Crazy Yiuf
  4098 | D:4      | Killed Crazy Yiuf
  4295 | D:4      | Found Apsed's Magic Scroll Shop.
  4320 | D:4      | Bought a scroll of teleportation for 30 gold pieces
  4868 | D:4      | Reached skill level 5 in Transmutations
  4891 | D:4      | Found a basalt altar of Yredelemnul.
  5080 | D:5      | Entered Level 5 of the Dungeon
  5699 | D:5      | Found a sparkling altar of Nemelex Xobeh.
  5702 | D:5      | Found a glowing golden altar of the Shining One.
  5741 | D:5      | Your scales start taking on a golden yellow colour.
  5741 | D:5      | Reached XP level 7. HP: 18/53 MP: 10/10
  5952 | D:5      | Learned a level 4 spell: Ice Form
  5957 | D:5      | Found an ancient bone altar of Kikubaaqudgha.
  5971 | D:5      | Found a shattered altar of Ashenzari.
  6123 | D:5      | Reached skill level 5 in Unarmed Combat
  6123 | D:5      | Reached skill level 1 in Ice Magic
  6639 | D:5      | Found a bloodstained altar of Trog.
  6742 | D:5      | Reached skill level 6 in Transmutations
  6914 | D:5      | Found a snail-covered altar of Cheibriados.
  6924 | D:5      | Reached XP level 8. HP: 61/61 MP: 2/12
  7130 | D:6      | Found a staircase to the Ecumenical Temple.
  7156 | Temple   | Entered the Ecumenical Temple
  7261 | Temple   | Became a worshipper of Makhleb the Destroyer
  7675 | D:6      | Reached skill level 7 in Transmutations
  7694 | D:6      | Noticed Dowan
  7703 | D:6      | Killed Dowan
  7768 | D:6      | Noticed Duvessa
  7800 | D:6      | Killed Duvessa
  8392 | D:6      | Found a glowing drain.
  8415 | D:6      | Acquired Makhleb's first power
  8453 | Sewer    | Entered a sewer
  8654 | Sewer    | Reached skill level 8 in Transmutations
  9330 | D:7      | Noticed cedor's ghost (experienced OgHu)
  9604 | D:7      | Noticed Prince Ribbit
  9899 | D:6      | Killed Prince Ribbit
  9899 | D:6      | Reached XP level 9. HP: 36/68 MP: 7/13
  9974 | D:7      | Noticed Joseph
  9995 | D:7      | HP: 1/81 [Joseph/uncursed quarterstaff (5)]
  9997 | D:7      | Mangled by Joseph

Action                   |  1- 3 |  4- 6 |  7- 9 || total
-------------------------+-------+-------+-------++-------
Melee: Unarmed           |   142 |   332 |   501 ||   975
 Cast: Beastly Appendage |     8 |    10 |     9 ||    27
       Spider Form       |       |     9 |    13 ||    22
       Ice Form          |       |       |     8 ||     8
 Abil: End Transformatio |       |     8 |    11 ||    19
       Spit Acid         |       |       |     2 ||     2
Evoke: Wand              |       |     1 |     1 ||     2
  Use: Scroll            |     5 |    13 |     4 ||    22
       Potion            |       |       |     7 ||     7
 Stab: Invisible         |       |     2 |       ||     2
